TOP OF THE 1ST |
Seattle Rainiers batting - Pitching for Surrey Sinners : RHP Luis Ramírez
|
Pitching: RHP Luis Ramírez
|
|
Batting: RHB Enrique Mendoza
|
0-0: Ground out 6-3 (Groundball, 6)
|
Batting: RHB Alfredo Farías
|
0-0: Ball 1-0: Foul Ball, location: 2F 1-1: SINGLE (Groundball, 34D)
|
Batting: RHB Robert Marks
|
0-0: Called Strike 0-1: Ball 1-1: Ball 2-1: Foul Ball, location: 2F 2-2: Foul Ball, location: 2F 2-2: Strikes out swinging
|
Batting: LHB Alan Moore
|
0-0: Ball 1-0: Called Strike 1-1: Ball 2-1: Foul Ball, location: 2F 2-2: Ball 3-2: Fly out, F7 (Flyball, 7S)
|
Top of the 1st over - 0 run(s), 1 hit(s), 0 error(s), 1 left on base; Seattle 0 - Surrey 0 |
BOTTOM OF THE 1ST |
Surrey Sinners batting - Pitching for Seattle Rainiers : LHP Nelson Béltre
|
Pitching: LHP Nelson Béltre
|
|
Batting: LHB Tony Smith
|
0-0: Ball 1-0: Ball 2-0: Called Strike 2-1: Ball 3-1: Called Strike 3-2: Base on Balls
|
Batting: RHB Jesús Lara
|
0-0: Ball 1-0: Ball 2-0: Fly out, F7 (Flyball, 7D)
|
Batting: RHB Ramón Molina
|
0-0: Ball 1-0: Called Strike 1-1: Swinging Strike 1-2: Ground out 4-3 (Groundball, 4S) Tony Smith to second
|
Batting: RHB Daniel Santiago
|
0-0: Called Strike 0-1: Ball 1-1: Called Strike 1-2: Foul Ball, location: 2F 1-2: Fly out, F8 (Flyball, 8RM)
|
Bottom of the 1st over - 0 run(s), 0 hit(s), 0 error(s), 1 left on base; Seattle 0 - Surrey 0 |
TOP OF THE 2ND |
Seattle Rainiers batting - Pitching for Surrey Sinners : RHP Luis Ramírez
|
Batting: RHB Jacob Hill
|
0-0: Called Strike 0-1: Called Strike 0-2: Ball 1-2: Strikes out swinging
|
Batting: RHB Tony Hernández
|
0-0: Foul Ball, location: 2F 0-1: Ball 1-1: Swinging Strike 1-2: Ball 2-2: Ball 3-2: Foul Ball, location: 2F 3-2: Foul Ball, location: 2F 3-2: Strikes out swinging
|
Batting: RHB Jeremiah Soto
|
0-0: Called Strike 0-1: Ball 1-1: Called Strike 1-2: Ball 2-2: Fly out, F9 (Flyball, 9LM)
|
Top of the 2nd over - 0 run(s), 0 hit(s), 0 error(s), 0 left on base; Seattle 0 - Surrey 0 |
BOTTOM OF THE 2ND |
Surrey Sinners batting - Pitching for Seattle Rainiers : LHP Nelson Béltre
|
Batting: RHB Cooper Richard
|
0-0: Ball 1-0: Ground out 5-3 (Groundball, 56)
|
Batting: RHB Augusto Trevino
|
0-0: Ball 1-0: Foul Ball, location: 2F 1-1: Ground out 6-3 (Groundball, 6)
|
Batting: RHB Eugene Booth
|
0-0: Ball 1-0: Foul Ball, location: 2F 1-1: Foul Ball, location: 2F 1-2: Strikes out looking
|
Bottom of the 2nd over - 0 run(s), 0 hit(s), 0 error(s), 0 left on base; Seattle 0 - Surrey 0 |
TOP OF THE 3RD |
Seattle Rainiers batting - Pitching for Surrey Sinners : RHP Luis Ramírez
|
Batting: RHB John Hill
|
0-0: Ball 1-0: Swinging Strike 1-1: Ball 2-1: Ball 3-1: Base on Balls
|
Batting: RHB Bill Dawson
|
0-0: Ball 1-0: Ball 2-0: Ball 3-0: Called Strike 3-1: Called Strike 3-2: Strikes out swinging
|
Batting: RHB Enrique Mendoza
|
0-0: Called Strike 0-1: Fly out, F9 (Flyball, 89M)
|
Batting: RHB Alfredo Farías
|
0-0: Swinging Strike 0-1: Ball 1-1: Foul Ball, location: 2F 1-2: Ball 2-2: Strikes out swinging
|
Top of the 3rd over - 0 run(s), 0 hit(s), 0 error(s), 1 left on base; Seattle 0 - Surrey 0 |
BOTTOM OF THE 3RD |
Surrey Sinners batting - Pitching for Seattle Rainiers : LHP Nelson Béltre
|
Batting: RHB Félix Castro
|
0-0: Ball 1-0: Foul Ball, location: 2F 1-1: Swinging Strike 1-2: Strikes out swinging
|
Batting: RHB Shawn Gutiérrez
|
0-0: Swinging Strike 0-1: Ball 1-1: Foul Ball, location: 2F 1-2: Ball 2-2: Ball 3-2: Strikes out swinging
|
Batting: LHB Tony Smith
|
0-0: Ball 1-0: Ball 2-0: Ball 3-0: Base on Balls
|
Batting: RHB Jesús Lara
|
0-0: Ball 1-0: Called Strike 1-1: Ball 2-1: Foul Ball, location: 2F 2-2: Ball 3-2: Strikes out swinging
|
Bottom of the 3rd over - 0 run(s), 0 hit(s), 0 error(s), 1 left on base; Seattle 0 - Surrey 0 |
TOP OF THE 4TH |
Seattle Rainiers batting - Pitching for Surrey Sinners : RHP Luis Ramírez
|
Batting: RHB Robert Marks
|
0-0: Ball 1-0: Foul Ball, location: 2F 1-1: Foul Ball, location: 2F 1-2: Ball 2-2: Strikes out swinging
|
Batting: LHB Alan Moore
|
0-0: Foul Ball, location: 2F 0-1: Foul Ball, location: 2F 0-2: Strikes out looking
|
Batting: RHB Jacob Hill
|
0-0: Ball 1-0: Called Strike 1-1: Ball 2-1: Foul Ball, location: 2F 2-2: SINGLE (Groundball, 56D)
|
Batting: RHB Tony Hernández
|
0-0: Swinging Strike 0-1: Ground out 5-3 (Groundball, 56S)
|
Top of the 4th over - 0 run(s), 1 hit(s), 0 error(s), 1 left on base; Seattle 0 - Surrey 0 |
BOTTOM OF THE 4TH |
Surrey Sinners batting - Pitching for Seattle Rainiers : LHP Nelson Béltre
|
Batting: RHB Ramón Molina
|
0-0: Ball 1-0: SINGLE (Line Drive, 5D)
|
Batting: RHB Daniel Santiago
|
0-0: Called Strike 0-1: Fly out, F7 (Flyball, 7M)
|
Batting: RHB Cooper Richard
|
Pickoff Throw to First - Out! 0-0: SINGLE (Groundball, 6MD) (infield hit)
|
Batting: RHB Augusto Trevino
|
0-0: Ball 1-0: Called Strike 1-1: Ball 2-1: Ground out 4-3 (Groundball, 4)
|
Bottom of the 4th over - 0 run(s), 2 hit(s), 0 error(s), 1 left on base; Seattle 0 - Surrey 0 |
TOP OF THE 5TH |
Seattle Rainiers batting - Pitching for Surrey Sinners : RHP Luis Ramírez
|
Batting: RHB Jeremiah Soto
|
0-0: Ball 1-0: Ball 2-0: Called Strike 2-1: Called Strike 2-2: Ball 3-2: Strikes out swinging
|
Batting: RHB John Hill
|
0-0: Fly out, F9 (Flyball, 9M)
|
Batting: RHB Bill Dawson
|
0-0: Ball 1-0: Ball 2-0: Ball 3-0: Called Strike 3-1: Base on Balls
|
Batting: RHB Enrique Mendoza
|
0-0: Ball Throwing error on steal attempt, E2 Bill Dawson to third 1-0: Ball 2-0: Ball 3-0: Base on Balls
|
Batting: RHB Alfredo Farías
|
0-0: Foul Ball, location: 2F 0-1: Ball 1-1: Ball 2-1: Fly out, F8 (Flyball, 8LS)
|
Top of the 5th over - 0 run(s), 0 hit(s), 1 error(s), 2 left on base; Seattle 0 - Surrey 0 |
BOTTOM OF THE 5TH |
Surrey Sinners batting - Pitching for Seattle Rainiers : LHP Nelson Béltre
|
Batting: RHB Eugene Booth
|
0-0: Ball 1-0: Ball 2-0: Ball 3-0: Called Strike 3-1: Swinging Strike 3-2: Strikes out swinging
|
Batting: RHB Félix Castro
|
0-0: Ball 1-0: Called Strike 1-1: Swinging Strike 1-2: Strikes out looking
|
Batting: RHB Shawn Gutiérrez
|
0-0: Ball 1-0: Fly out, F8 (Flyball, 8LD)
|
Bottom of the 5th over - 0 run(s), 0 hit(s), 0 error(s), 0 left on base; Seattle 0 - Surrey 0 |
TOP OF THE 6TH |
Seattle Rainiers batting - Pitching for Surrey Sinners : RHP Luis Ramírez
|
Pitching: LHP Pedro Najcrea
|
|
Batting: RHB Robert Marks
|
0-0: Fly out, F9 (Flyball, 89M)
|
Batting: LHB Alan Moore
|
0-0: Called Strike 0-1: SINGLE (Line Drive, 78S)
|
Batting: RHB Jacob Hill
|
0-0: Ball 1-0: Ball 2-0: Called Strike 2-1: Ball 3-1: Called Strike 3-2: Foul Ball, location: 2F 3-2: Fly out, F7 (Line Drive, 7M)
|
Batting: RHB Tony Hernández
|
0-0: Foul Ball, location: 2F 0-1: Fielders Choice at 2nd, 5-4 (Groundball, 56)
|
Top of the 6th over - 0 run(s), 1 hit(s), 0 error(s), 0 left on base; Seattle 0 - Surrey 0 |
BOTTOM OF THE 6TH |
Surrey Sinners batting - Pitching for Seattle Rainiers : LHP Nelson Béltre
|
Batting: LHB Tony Smith
|
0-0: Fly out, F7 (Flyball, 7LMF)
|
Batting: RHB Jesús Lara
|
0-0: Ball 1-0: Called Strike 1-1: Called Strike 1-2: Strikes out looking
|
Batting: RHB Ramón Molina
|
0-0: Ground out 6-3 (Groundball, 6)
|
Bottom of the 6th over - 0 run(s), 0 hit(s), 0 error(s), 0 left on base; Seattle 0 - Surrey 0 |
TOP OF THE 7TH |
Seattle Rainiers batting - Pitching for Surrey Sinners : LHP Pedro Najcrea
|
Batting: RHB Jeremiah Soto
|
0-0: Foul Ball, location: 2F 0-1: DOUBLE (Popup, 3D)
|
Batting: RHB John Hill
|
0-0: Foul Ball, location: 2F 0-1: Called Strike 0-2: Ball 1-2: Ball 2-2: Ball 3-2: Foul Ball, location: 2F 3-2: SINGLE (Groundball, 3D) Jeremiah Soto to third
|
Batting: RHB Bill Dawson
|
0-0: Ball 1-0: Ball 2-0: Ball 3-0: Base on Balls John Hill to second
|
Batting: RHB Enrique Mendoza
|
0-0: Swinging Strike 0-1: Foul Ball, location: 2F 0-2: Strikes out swinging
|
Batting: RHB Alfredo Farías
|
0-0: Ball 1-0: Ball 2-0: Ball 3-0: Base on Balls Jeremiah Soto scores John Hill to third Bill Dawson to second
|
Batting: RHB Robert Marks
|
0-0: Ball 1-0: Called Strike 1-1: Called Strike 1-2: Ball 2-2: Grounds into double play, 6-4-3 (Groundball, 6MD)
|
Top of the 7th over - 1 run(s), 2 hit(s), 0 error(s), 2 left on base; Seattle 1 - Surrey 0 |
BOTTOM OF THE 7TH |
Surrey Sinners batting - Pitching for Seattle Rainiers : LHP Nelson Béltre
|
Batting: RHB Daniel Santiago
|
0-0: Called Strike 0-1: Ball 1-1: Fly out, F4 (Popup, 4)
|
Batting: RHB Cooper Richard
|
0-0: Ball 1-0: Swinging Strike 1-1: SINGLE (Line Drive, 78S)
|
Batting: RHB Augusto Trevino
|
0-0: Called Strike Cooper Richard is caught stealing 2nd base 0-1: Fly out, F3 (Popup, 23F)
|
Bottom of the 7th over - 0 run(s), 1 hit(s), 0 error(s), 0 left on base; Seattle 1 - Surrey 0 |
TOP OF THE 8TH |
Seattle Rainiers batting - Pitching for Surrey Sinners : LHP Pedro Najcrea
|
Batting: LHB Alan Moore
|
0-0: Called Strike 0-1: Called Strike 0-2: Strikes out swinging
|
Pitching: RHP Bob Martin
|
|
Batting: RHB Jacob Hill
|
0-0: Swinging Strike 0-1: Ball 1-1: Called Strike 1-2: Fly out, F3 (Popup, 23F)
|
Batting: RHB Tony Hernández
|
0-0: Called Strike 0-1: Ball 1-1: Ball 2-1: Foul Ball, location: 2F 2-2: Strikes out swinging
|
Top of the 8th over - 0 run(s), 0 hit(s), 0 error(s), 0 left on base; Seattle 1 - Surrey 0 |
BOTTOM OF THE 8TH |
Surrey Sinners batting - Pitching for Seattle Rainiers : LHP Nelson Béltre
|
Batting: RHB Eugene Booth
|
0-0: Ball 1-0: SINGLE (Line Drive, 56D)
|
Batting: RHB Félix Castro
|
0-0: Ball 1-0: Sac Bunt - play at first, batter OUT! 1-4 Eugene Booth to second
|
Pitching: RHP Lúcio Feliciano
|
|
Batting: RHB Shawn Gutiérrez
|
0-0: DOUBLE (Flyball, 78D) Eugene Booth scores
|
Batting: LHB Tony Smith
|
0-0: Swinging Strike 0-1: Swinging Strike 0-2: Ball 1-2: Foul Ball, location: 2F 1-2: Strikes out looking
|
Pinch Hitting: LHB Juan Hinojosa
|
0-0: Called Strike 0-1: Ball 1-1: Ball 2-1: Ball 3-1: Fly out, F7 (Flyball, 78XD)
|
Bottom of the 8th over - 1 run(s), 2 hit(s), 0 error(s), 1 left on base; Seattle 1 - Surrey 1 |
TOP OF THE 9TH |
Seattle Rainiers batting - Pitching for Surrey Sinners : RHP Bob Martin
|
Pitching: LHP Henry Brown
|
|
Now at 2B: Clint Younger
|
|
Pinch Hitting: RHB Juan Robles
|
0-0: Ball 1-0: Called Strike 1-1: SINGLE (Flyball, 9LS)
|
Batting: RHB John Hill
|
0-0: Swinging Strike 0-1: Foul Ball, location: 2F 0-2: Fly out, F9 (Flyball, 9M)
|
Batting: RHB Bill Dawson
|
0-0: Ball 1-0: Called Strike 1-1: Grounds into double play, 6-4-3 (Groundball, 56)
|
Top of the 9th over - 0 run(s), 1 hit(s), 0 error(s), 0 left on base; Seattle 1 - Surrey 1 |
BOTTOM OF THE 9TH |
Surrey Sinners batting - Pitching for Seattle Rainiers : RHP Lúcio Feliciano
|
Pitching: RHP Rafael López
|
|
Now in LF: José Romo
|
|
Batting: RHB Ramón Molina
|
0-0: Ball 1-0: Foul Ball, location: 2F 1-1: Foul Ball, location: 2F 1-2: Strikes out looking
|
Pinch Hitting: LHB Buddy Rice
|
0-0: Called Strike 0-1: Ball 1-1: Ball 2-1: Ball 3-1: Fly out, F8 (Flyball, 8LD)
|
Batting: RHB Cooper Richard
|
0-0: Ball 1-0: Foul Ball, location: 2F 1-1: Ball 2-1: Foul Ball, location: 2F 2-2: Strikes out looking
|
Bottom of the 9th over - 0 run(s), 0 hit(s), 0 error(s), 0 left on base; Seattle 1 - Surrey 1 |
TOP OF THE 10TH |
Seattle Rainiers batting - Pitching for Surrey Sinners : LHP Henry Brown
|
Now in LF: Buddy Rice
|
|
Batting: RHB Enrique Mendoza
|
0-0: Called Strike 0-1: Ball 1-1: Foul Ball, location: 2F 1-2: Strikes out swinging
|
Batting: RHB Alfredo Farías
|
0-0: SINGLE (Groundball, 56D)
|
Batting: RHB Robert Marks
|
0-0: Called Strike 0-1: Ball 1-1: Ball 2-1: SINGLE (Groundball, 56D) Alfredo Farías to second
|
Batting: LHB Alan Moore
|
0-0: Called Strike 0-1: Ball 1-1: Called Strike 1-2: Strikes out swinging
|
Batting: RHB Jacob Hill
|
0-0: Ball 1-0: Called Strike 1-1: DOUBLE (Line Drive, 78D) Alfredo Farías scores Robert Marks to third
|
Batting: RHB Tony Hernández
|
0-0: Ball 1-0: Ball 2-0: Called Strike 2-1: SINGLE (Line Drive, 89S) Robert Marks scores Jacob Hill to third Runner from 3rd tries for Home, SAFE, no throw or cutoff
|
Batting: RHB José Romo
|
0-0: Called Strike 0-1: Foul Ball, location: 2F 0-2: Ball Tony Hernández steals 2nd base 1-2: Ball 2-2: Fly out, F8 (Flyball, 8LM)
|
Top of the 10th over - 3 run(s), 4 hit(s), 0 error(s), 1 left on base; Seattle 4 - Surrey 1 |
BOTTOM OF THE 10TH |
Surrey Sinners batting - Pitching for Seattle Rainiers : RHP Rafael López
|
Batting: RHB Augusto Trevino
|
0-0: Foul Ball, location: 2F 0-1: Ball 1-1: Ball 2-1: Foul Ball, location: 2F 2-2: Ball 3-2: Ground out 6-3 (Groundball, 6)
|
Batting: RHB Eugene Booth
|
0-0: Ball 1-0: Called Strike 1-1: Swinging Strike 1-2: Ground out 6-3 (Groundball, 6M)
|
Batting: RHB Félix Castro
|
0-0: Called Strike 0-1: Foul Ball, location: 2F 0-2: Strikes out swinging
|
Bottom of the 10th over - 0 run(s), 0 hit(s), 0 error(s), 0 left on base; Seattle 4 - Surrey 1 |
|